cohdb
Replays
Latest Replays
All Replays
Popular Replays
Top Player Replays
Match Explorer
How It Works
Community
CoH3 Stats
Reddit
Sign in to upload your games and track your stats! →
Sign in with Steam
Match 45904655
Unlisted
Match 45904655
Overview
Messages
Build Orders
End
Construct Weapon Support Center
Selects Special Operations Battlegroup
Selects Special Operations Battlegroup
Selects M29 Weasel Recon Vehicle
M29 Weasel Recon Vehicle
M1919 Machine Gun Team
M1919 Machine Gun Team
Bazooka Squad
Infantry Support Center
M3 Armored Personnel Carrier
Construct Medical Station
Selects Smoke Screen
Selects SSF Commando Squad
SSF Commando Squad
M3 Armored Personnel Carrier
SSF Commando Squad
Engineer Squad
SSF Commando Squad
Improved M9 Bazooka Rockets
AI Takeover
14141
WarBoss
Alloyzy Klex®
SEPH
0
0
Comments
sign in to comment!
No comments posted yet!